TOP OF THE 1ST |
Plymouth Rocks batting - Pitching for Nassau Rockets : RHP Jason Drake
|
Pitching: RHP Jason Drake
|
|
Batting: LHB Roberto García
|
0-0: Ball 1-0: Foul Ball, location: 2F 1-1: SINGLE (Groundball, 34D)
|
Batting: LHB Roy Patrick
|
0-0: Swinging Strike 0-1: Foul Ball, location: 2F 0-2: Fielders Choice at 2nd, 4-6 (Groundball, 4M)
|
Batting: RHB Andrés Lara
|
0-0: Called Strike 0-1: Ball 1-1: Ball 2-1: Ball 3-1: Called Strike 3-2: Foul Ball, location: 2F 3-2: SINGLE (Groundball, 56D) Roy Patrick to second Roy Patrick to third
|
Batting: LHB Barrett Waters
|
0-0: Ball 1-0: Called Strike 1-1: Ball 2-1: Ball 3-1: Swinging Strike 3-2: Strikes out swinging Andrés Lara steals 2nd base Batter strikes out.
|
Batting: RHB Taylor McFarland
|
0-0: Ball 1-0: Called Strike 1-1: Ball 2-1: Ball 3-1: Foul Ball, location: 2F 3-2: Strikes out looking
|
Top of the 1st over - 0 run(s), 2 hit(s), 0 error(s), 2 left on base; Plymouth 0 - Nassau 0 |
BOTTOM OF THE 1ST |
Nassau Rockets batting - Pitching for Plymouth Rocks : RHP José Morán
|
Pitching: RHP José Morán
|
|
Batting: SHB Howard Parker
|
0-0: Ball 1-0: Called Strike 1-1: Ball 2-1: Called Strike 2-2: Ball 3-2: Foul Ball, location: 2F 3-2: Foul Ball, location: 2F 3-2: Base on Balls
|
Batting: LHB Andrew Alvarado
|
0-0: Ball 1-0: Ball 2-0: Ball 3-0: Base on Balls Howard Parker to second
|
Batting: LHB Don Ramey
|
0-0: Ball 1-0: Foul Ball, location: 2F 1-1: Ball 2-1: Foul Ball, location: 2F 2-2: SINGLE (Groundball, 34D) Howard Parker to third Andrew Alvarado to second Runner from 3rd tries for Home, SAFE, no throw
|
Batting: LHB Wilson Allen
|
0-0: Ball 1-0: Foul Ball, location: 2F 1-1: Called Strike 1-2: Ball 2-2: Ball 3-2: Fly out, F8 (Flyball, 8LM)
|
Batting: RHB Pete Harvey
|
0-0: Ball 1-0: Called Strike 1-1: Ball 2-1: SINGLE (Groundball, 6MD) Andrew Alvarado to third Don Ramey to second Runner from 3rd tries for Home, SAFE, throw made home Don Ramey to third Pete Harvey to second
|
Batting: SHB Edgardo Osorio
|
0-0: Foul Ball, location: 2F 0-1: Ball 1-1: Called Strike 1-2: Strikes out looking
|
Batting: RHB Salvador Borbón
|
0-0: Fly out, F8 (Flyball, 8RM)
|
Bottom of the 1st over - 2 run(s), 2 hit(s), 0 error(s), 2 left on base; Plymouth 0 - Nassau 2 |
TOP OF THE 2ND |
Plymouth Rocks batting - Pitching for Nassau Rockets : RHP Jason Drake
|
Batting: SHB Víctor Serrano
|
0-0: Ball 1-0: Ball 2-0: Ball 3-0: Base on Balls
|
Batting: RHB Luis Sánchez
|
0-0: Ball 1-0: Ball 2-0: Ball 3-0: Called Strike 3-1: Called Strike 3-2: Foul Ball, location: 2F 3-2: Fly out, F9 (Flyball, 89M)
|
Batting: RHB Wilbert Rodgers
|
0-0: Ball 1-0: Called Strike 1-1: Grounds into double play, 5-4-3 (Groundball, 5L)
|
Top of the 2nd over - 0 run(s), 0 hit(s), 0 error(s), 0 left on base; Plymouth 0 - Nassau 2 |
BOTTOM OF THE 2ND |
Nassau Rockets batting - Pitching for Plymouth Rocks : RHP José Morán
|
Batting: LHB Bob Martin
|
0-0: Foul Ball, location: 2F 0-1: Fly out, F8 (Flyball, 78D)
|
Batting: RHB Rubén Matos
|
0-0: Called Strike 0-1: Fly out, F9 (Flyball, 9LS)
|
Batting: SHB Howard Parker
|
0-0: Foul Ball, location: 2F 0-1: Foul Ball, location: 2F 0-2: Ball 1-2: Foul Ball, location: 2F 1-2: Foul Ball, location: 2F 1-2: Fly out, F7 (Flyball, 7S)
|
Bottom of the 2nd over - 0 run(s), 0 hit(s), 0 error(s), 0 left on base; Plymouth 0 - Nassau 2 |
TOP OF THE 3RD |
Plymouth Rocks batting - Pitching for Nassau Rockets : RHP Jason Drake
|
Batting: RHB António Gonzáles
|
0-0: Foul Ball, location: 2F 0-1: Ball 1-1: Called Strike 1-2: Ball 2-2: Ball 3-2: Base on Balls
|
Batting: LHB Roberto García
|
0-0: Ball 1-0: Swinging Strike 1-1: Foul Ball, location: 2F 1-2: Foul Ball, location: 2F 1-2: Ball 2-2: Foul Ball, location: 2F 2-2: Fly out, F7 (Line Drive, 7)
|
Batting: LHB Roy Patrick
|
0-0: Ball 1-0: Foul Ball, location: 2F 1-1: Ball 2-1: Ball 3-1: 2-RUN HOME RUN (Flyball, 9LD), Distance : 333 ft
|
Batting: RHB Andrés Lara
|
0-0: DOUBLE (Line Drive, 7LS)
|
Batting: LHB Barrett Waters
|
0-0: Ground out 4-3 (Groundball, 4M) Andrés Lara to third
|
Batting: RHB Taylor McFarland
|
0-0: Ground out 4-3 (Groundball, 4)
|
Top of the 3rd over - 2 run(s), 2 hit(s), 0 error(s), 1 left on base; Plymouth 2 - Nassau 2 |
BOTTOM OF THE 3RD |
Nassau Rockets batting - Pitching for Plymouth Rocks : RHP José Morán
|
Batting: LHB Andrew Alvarado
|
0-0: Called Strike 0-1: Fly out, F8 (Flyball, 8RM)
|
Batting: LHB Don Ramey
|
0-0: Ground out U3 (Groundball, 34D)
|
Batting: LHB Wilson Allen
|
0-0: Called Strike 0-1: Swinging Strike 0-2: Ball 1-2: Ball 2-2: Ground out 6-3 (Groundball, 6)
|
Bottom of the 3rd over - 0 run(s), 0 hit(s), 0 error(s), 0 left on base; Plymouth 2 - Nassau 2 |
TOP OF THE 4TH |
Plymouth Rocks batting - Pitching for Nassau Rockets : RHP Jason Drake
|
Batting: SHB Víctor Serrano
|
0-0: Ball 1-0: Ball 2-0: Foul Ball, location: 2F 2-1: SINGLE (Groundball, 34S) (infield hit)
|
Batting: RHB Luis Sánchez
|
0-0: Foul Ball, location: 2F 0-1: Foul Ball, location: 2F 0-2: Ball 1-2: SINGLE (Groundball, 56D) Víctor Serrano to second
|
Batting: RHB Wilbert Rodgers
|
0-0: Called Strike 0-1: Called Strike 0-2: Ball 1-2: SINGLE (Line Drive, 78S) Víctor Serrano to third Luis Sánchez to second
|
Batting: RHB António Gonzáles
|
0-0: Ball 1-0: Called Strike 1-1: Swinging Strike 1-2: Ball 2-2: Foul Ball, location: 2F 2-2: Strikes out swinging
|
Batting: LHB Roberto García
|
0-0: Swinging Strike 0-1: DOUBLE (Line Drive, 78D) Víctor Serrano scores Luis Sánchez scores Wilbert Rodgers to third
|
Batting: LHB Roy Patrick
|
0-0: Ball 1-0: Ball 2-0: Called Strike 2-1: Swinging Strike 2-2: Ground out 6-3 (Groundball, 6) Wilbert Rodgers scores
|
Batting: RHB Andrés Lara
|
0-0: Foul Ball, location: 2F 0-1: Ball 1-1: Fly out, F7 (Line Drive, 78M)
|
Top of the 4th over - 3 run(s), 4 hit(s), 0 error(s), 1 left on base; Plymouth 5 - Nassau 2 |
BOTTOM OF THE 4TH |
Nassau Rockets batting - Pitching for Plymouth Rocks : RHP José Morán
|
Batting: RHB Pete Harvey
|
0-0: Called Strike 0-1: Ball 1-1: Foul Ball, location: 2F 1-2: Foul Ball, location: 2F 1-2: Strikes out swinging
|
Batting: SHB Edgardo Osorio
|
0-0: Foul Ball, location: 2F 0-1: Called Strike 0-2: Fly out, F9 (Flyball, 9)
|
Batting: RHB Salvador Borbón
|
0-0: Ball 1-0: Swinging Strike 1-1: Ball 2-1: Reached on error, E5 (Groundball, 56S)
|
Batting: LHB Bob Martin
|
0-0: Called Strike 0-1: Foul Ball, location: 2F 0-2: SINGLE (Groundball, 3D) Salvador Borbón to second Runner from 2nd tries for 3rd, SAFE, throw made to third
|
Batting: RHB Rubén Matos
|
0-0: Ball 1-0: Foul Ball, location: 2F 1-1: Swinging Strike 1-2: SINGLE (Groundball, 34D) Salvador Borbón scores Bob Martin to second Runner from 2nd tries for 3rd, SAFE, throw made to third
|
Batting: SHB Howard Parker
|
0-0: Foul Ball, location: 2F 0-1: Called Strike 0-2: Foul Ball, location: 2F 0-2: Foul Ball, location: 2F 0-2: Foul Ball, location: 2F 0-2: Ball 1-2: DOUBLE (Line Drive, 78M) Bob Martin scores Rubén Matos to third Runner from 3rd tries for Home, SAFE, throw made at trailing runner, SAFE at third!
|
Batting: LHB Andrew Alvarado
|
0-0: Fly out, F7 (Flyball, 78D)
|
Bottom of the 4th over - 3 run(s), 3 hit(s), 1 error(s), 1 left on base; Plymouth 5 - Nassau 5 |
TOP OF THE 5TH |
Plymouth Rocks batting - Pitching for Nassau Rockets : RHP Jason Drake
|
Batting: LHB Barrett Waters
|
0-0: Ball 1-0: Fly out, F5 (Popup, 5L)
|
Batting: RHB Taylor McFarland
|
0-0: Swinging Strike 0-1: Called Strike 0-2: Foul Ball, location: 2F 0-2: Ball 1-2: Foul Ball, location: 2F 1-2: Foul Ball, location: 2F 1-2: Ball 2-2: Foul Ball, location: 2F 2-2: Ball 3-2: Fly out, F9 (Flyball, 9S)
|
Batting: SHB Víctor Serrano
|
0-0: Called Strike 0-1: Ball 1-1: Called Strike 1-2: Fly out, F8 (Flyball, 8RS)
|
Top of the 5th over - 0 run(s), 0 hit(s), 0 error(s), 0 left on base; Plymouth 5 - Nassau 5 |
BOTTOM OF THE 5TH |
Nassau Rockets batting - Pitching for Plymouth Rocks : RHP José Morán
|
Batting: LHB Don Ramey
|
0-0: SINGLE (Line Drive, 7LS)
|
Batting: LHB Wilson Allen
|
0-0: Foul Ball, location: 2F 0-1: Foul Ball, location: 2F 0-2: Ball Wild Pitch! Don Ramey to second 1-2: Fly out, F5 (Popup, 5S)
|
Batting: RHB Pete Harvey
|
0-0: Ball 1-0: Swinging Strike 1-1: Ball 2-1: Called Strike 2-2: SINGLE (Groundball, 25) (infield hit) Don Ramey to third
|
Batting: SHB Edgardo Osorio
|
0-0: Ball 1-0: Called Strike 1-1: Foul Ball, location: 2F 1-2: Ball 2-2: Fly out, F9 (Flyball, 9LMF) Runner from 3rd tags up, SCORES, no throw
|
Batting: RHB Salvador Borbón
|
0-0: Ball 1-0: Foul Ball, location: 2F 1-1: Called Strike 1-2: Fly out, F7 (Flyball, 78M)
|
Bottom of the 5th over - 1 run(s), 2 hit(s), 0 error(s), 1 left on base; Plymouth 5 - Nassau 6 |
TOP OF THE 6TH |
Plymouth Rocks batting - Pitching for Nassau Rockets : RHP Jason Drake
|
Pitching: RHP Luis Cortéz
|
|
Batting: RHB Luis Sánchez
|
0-0: Called Strike 0-1: SOLO HOME RUN (Flyball, 7D), Distance : 372 ft
|
Batting: RHB Wilbert Rodgers
|
0-0: Ball 1-0: Called Strike 1-1: Foul Ball, location: 2F 1-2: Fly out, F7 (Flyball, 7S)
|
Batting: RHB António Gonzáles
|
0-0: Ball 1-0: Foul Ball, location: 2F 1-1: Ball 2-1: SINGLE (Line Drive, 6D)
|
Batting: LHB Roberto García
|
0-0: Foul Ball, location: 2F 0-1: Ball 1-1: Called Strike 1-2: Fly out, F4 (Popup, 4M)
|
Batting: LHB Roy Patrick
|
0-0: Ball 1-0: Ball 2-0: Fly out, F6 (Popup, 6MD)
|
Top of the 6th over - 1 run(s), 2 hit(s), 0 error(s), 1 left on base; Plymouth 6 - Nassau 6 |
BOTTOM OF THE 6TH |
Nassau Rockets batting - Pitching for Plymouth Rocks : RHP José Morán
|
Batting: LHB Bob Martin
|
0-0: Called Strike 0-1: Swinging Strike 0-2: Foul Ball, location: 2F 0-2: Ball 1-2: Ball 2-2: Ground out 4-3 (Groundball, 4)
|
Batting: RHB Rubén Matos
|
0-0: Called Strike 0-1: Called Strike 0-2: Strikes out looking
|
Batting: SHB Howard Parker
|
0-0: Ball 1-0: Foul Ball, location: 2F 1-1: Ball 2-1: Ball 3-1: Base on Balls
|
Pitching: RHP Bartolo García
|
|
Batting: LHB Andrew Alvarado
|
0-0: Ball 1-0: Ball 2-0: Foul Ball, location: 2F 2-1: Called Strike 2-2: Ball 3-2: Foul Ball, location: 2F 3-2: Strikes out swinging
|
Bottom of the 6th over - 0 run(s), 0 hit(s), 0 error(s), 1 left on base; Plymouth 6 - Nassau 6 |
TOP OF THE 7TH |
Plymouth Rocks batting - Pitching for Nassau Rockets : RHP Luis Cortéz
|
Batting: RHB Andrés Lara
|
0-0: Ground out 6-3 (Groundball, 6MD)
|
Pitching: LHP Luis Valentín
|
|
Batting: LHB Barrett Waters
|
0-0: Swinging Strike 0-1: SINGLE (Groundball, 34S) (infield hit)
|
Pitching: RHP Juan Franco
|
|
Batting: RHB Taylor McFarland
|
0-0: Foul Ball, location: 2F 0-1: Ball 1-1: Ball 2-1: Fly out, F9 (Flyball, 9LS)
|
Batting: SHB Víctor Serrano
|
0-0: Ball Barrett Waters steals 2nd base 1-0: Ground out U3 (Groundball, 3S)
|
Top of the 7th over - 0 run(s), 1 hit(s), 0 error(s), 1 left on base; Plymouth 6 - Nassau 6 |
BOTTOM OF THE 7TH |
Nassau Rockets batting - Pitching for Plymouth Rocks : RHP Bartolo García
|
Pitching: LHP Manuel Parra
|
|
Batting: LHB Don Ramey
|
0-0: Called Strike 0-1: Ball 1-1: SINGLE (Groundball, 4D)
|
Pitching: RHP Scot MacIntosh
|
|
Batting: LHB Wilson Allen
|
0-0: Foul Ball, location: 2F 0-1: Ball 1-1: SINGLE (Groundball, 4MD) Don Ramey to second
|
Batting: RHB Pete Harvey
|
0-0: Foul Ball, location: 2F 0-1: Swinging Strike 0-2: Foul Ball, location: 2F 0-2: Grounds into double play, 4-6-3 (Groundball, 4) Don Ramey to third
|
Batting: SHB Edgardo Osorio
|
0-0: Called Strike 0-1: Ground out U3 (Groundball, 34)
|
Bottom of the 7th over - 0 run(s), 2 hit(s), 0 error(s), 1 left on base; Plymouth 6 - Nassau 6 |
TOP OF THE 8TH |
Plymouth Rocks batting - Pitching for Nassau Rockets : RHP Juan Franco
|
Pinch Hitting: LHB Bob Smith
|
0-0: Ball 1-0: Foul Ball, location: 2F 1-1: Ball 2-1: Swinging Strike 2-2: Ball 3-2: Base on Balls
|
Pinch Runner at 1st Jorge Jiménez:
|
|
Batting: RHB Wilbert Rodgers
|
0-0: Ball Jorge Jiménez is caught stealing 2nd base 1-0: Foul Ball, location: 2F 1-1: Called Strike 1-2: Ball 2-2: Ground out 5-3 (Groundball, 56S)
|
Pinch Hitting: LHB Luis Villa
|
0-0: Called Strike 0-1: Called Strike 0-2: Ball 1-2: Ball 2-2: Strikes out looking
|
Top of the 8th over - 0 run(s), 0 hit(s), 0 error(s), 0 left on base; Plymouth 6 - Nassau 6 |
BOTTOM OF THE 8TH |
Nassau Rockets batting - Pitching for Plymouth Rocks : RHP Scot MacIntosh
|
Now at 1B: Jorge Jiménez
|
|
Now at 3B: Dave Gray
|
|
Batting: RHB Salvador Borbón
|
0-0: Ball 1-0: Called Strike 1-1: Ball 2-1: Foul Ball, location: 2F 2-2: Strikes out swinging
|
Batting: LHB Bob Martin
|
0-0: Foul Ball, location: 2F 0-1: Called Strike 0-2: Foul Ball, location: 2F 0-2: Strikes out swinging
|
Batting: RHB Rubén Matos
|
0-0: Called Strike 0-1: Ball 1-1: Called Strike 1-2: SINGLE (Groundball, 56D)
|
Batting: SHB Howard Parker
|
0-0: Ball 1-0: Swinging Strike 1-1: Ball 2-1: Foul Ball, location: 2F 2-2: Ball 3-2: Ground out 4-3 (Groundball, 4)
|
Bottom of the 8th over - 0 run(s), 1 hit(s), 0 error(s), 1 left on base; Plymouth 6 - Nassau 6 |
TOP OF THE 9TH |
Plymouth Rocks batting - Pitching for Nassau Rockets : RHP Juan Franco
|
Pitching: RHP Guan-cai Yong
|
|
Batting: LHB Roberto García
|
0-0: SINGLE (Groundball, 4MD)
|
Batting: LHB Roy Patrick
|
0-0: Bunted foul 0-1: Reached on error, E1 (Groundball, 15) Roberto García to second
|
Batting: RHB Andrés Lara
|
0-0: Ball 1-0: Ball 2-0: Ball 3-0: Base on Balls Roberto García to third Roy Patrick to second
|
Batting: LHB Barrett Waters
|
0-0: Ball 1-0: Ball 2-0: Called Strike 2-1: Foul Ball, location: 2F 2-2: Grounds into fielders choice 3-2 (Groundball, 34) Roy Patrick to third Andrés Lara to second
|
Batting: RHB Taylor McFarland
|
0-0: Ball 1-0: Foul Ball, location: 2F 1-1: Called Strike 1-2: Strikes out looking
|
Batting: SHB Víctor Serrano
|
0-0: Called Strike 0-1: Fielders Choice at 2nd, 4-6 (Groundball, 34)
|
Top of the 9th over - 0 run(s), 1 hit(s), 1 error(s), 2 left on base; Plymouth 6 - Nassau 6 |
BOTTOM OF THE 9TH |
Nassau Rockets batting - Pitching for Plymouth Rocks : RHP Scot MacIntosh
|
Batting: LHB Andrew Alvarado
|
0-0: Ball 1-0: Foul Ball, location: 2F 1-1: SINGLE (Line Drive, 3D)
|
Batting: LHB Don Ramey
|
0-0: Ball 1-0: Fly out, F8 (Flyball, 8LXD)
|
Batting: LHB Wilson Allen
|
0-0: Called Strike 0-1: Ball 1-1: Ball 2-1: Ball Andrew Alvarado steals 2nd base 3-1: Intentional Walk
|
Batting: RHB Pete Harvey
|
0-0: Ball 1-0: Fly out, F7 (Flyball, 7LM)
|
Batting: SHB Edgardo Osorio
|
0-0: Called Strike 0-1: Called Strike 0-2: Ball 1-2: Foul Ball, location: 2F 1-2: Ball 2-2: Strikes out swinging
|
Bottom of the 9th over - 0 run(s), 1 hit(s), 0 error(s), 2 left on base; Plymouth 6 - Nassau 6 |
TOP OF THE 10TH |
Plymouth Rocks batting - Pitching for Nassau Rockets : RHP Guan-cai Yong
|
Batting: RHB Jorge Jiménez
|
0-0: Foul Ball, location: 2F 0-1: Swinging Strike 0-2: Ball 1-2: Strikes out swinging
|
Batting: RHB Wilbert Rodgers
|
0-0: Foul Ball, location: 2F 0-1: Called Strike 0-2: Fly out, F7 (Flyball, 7LS)
|
Batting: LHB Dave Gray
|
0-0: Ground out 4-3 (Groundball, 4)
|
Top of the 10th over - 0 run(s), 0 hit(s), 0 error(s), 0 left on base; Plymouth 6 - Nassau 6 |
BOTTOM OF THE 10TH |
Nassau Rockets batting - Pitching for Plymouth Rocks : RHP Scot MacIntosh
|
Batting: RHB Salvador Borbón
|
0-0: Called Strike 0-1: Ball 1-1: Called Strike 1-2: Foul Ball, location: 2F 1-2: Ball 2-2: Strikes out looking
|
Pitching: RHP Robinson Gonzáles
|
|
Batting: LHB Bob Martin
|
0-0: Ball 1-0: Called Strike 1-1: Foul Ball, location: 2F 1-2: Foul Ball, location: 2F 1-2: Ball 2-2: SINGLE (Groundball, 34D)
|
Batting: RHB Rubén Matos
|
0-0: Called Strike 0-1: Ball 1-1: Grounds into double play, 1-6-3 (Groundball, 13)
|
Bottom of the 10th over - 0 run(s), 1 hit(s), 0 error(s), 0 left on base; Plymouth 6 - Nassau 6 |
TOP OF THE 11TH |
Plymouth Rocks batting - Pitching for Nassau Rockets : RHP Guan-cai Yong
|
Pitching: RHP Nolan Baker
|
|
Batting: LHB Roberto García
|
0-0: Ball 1-0: Ball 2-0: Foul Ball, location: 2F 2-1: Ball 3-1: Ground out 4-3 (Groundball, 4M)
|
Batting: LHB Roy Patrick
|
0-0: Called Strike 0-1: Ball 1-1: Ball 2-1: Ball 3-1: Called Strike 3-2: SOLO HOME RUN (Flyball, 7LD), Distance : 342 ft
|
Batting: RHB Andrés Lara
|
0-0: Ball 1-0: Swinging Strike 1-1: Ball 2-1: Ball 3-1: Ground out 1-3 (Groundball, 13)
|
Batting: LHB Barrett Waters
|
0-0: Ball 1-0: Swinging Strike 1-1: Called Strike 1-2: Foul Ball, location: 2F 1-2: Ball 2-2: Ball 3-2: Strikes out looking
|
Top of the 11th over - 1 run(s), 1 hit(s), 0 error(s), 0 left on base; Plymouth 7 - Nassau 6 |
BOTTOM OF THE 11TH |
Nassau Rockets batting - Pitching for Plymouth Rocks : RHP Robinson Gonzáles
|
Batting: SHB Howard Parker
|
0-0: Called Strike 0-1: Swinging Strike 0-2: Ball 1-2: Foul Ball, location: 2F 1-2: Fly out, F3 (Line Drive, 34)
|
Batting: LHB Andrew Alvarado
|
0-0: Ball 1-0: Swinging Strike 1-1: Fly out, F8 (Line Drive, 8RXD)
|
Batting: LHB Don Ramey
|
0-0: Swinging Strike 0-1: Fly out, F8 (Flyball, 8LM)
|
Bottom of the 11th over - 0 run(s), 0 hit(s), 0 error(s), 0 left on base; Plymouth 7 - Nassau 6 |
|